 Dungeon Crawl Stone Soup version 0.27.1-2-g3b301248ec (webtiles) character file.

Game seed: 15955035186844695065

7 Borgoz the Skirmisher (level 2, -2/28 HPs)
             Began as a Gargoyle Berserker on Sept 22, 2021.
             Was a Follower of Trog.
             Slain by a quokka (3 damage)
             ... on level 1 of the Dungeon.
             The game lasted 00:00:17 (86 turns).

Borgoz the Skirmisher (Gargoyle Berserker)            Turns: 86, Time: 00:00:17

Health: -2/28      AC:  5    Str: 20    XL:     2   Next: 0%
Magic:  2/2        EV: 12    Int:  7    God:    Trog [*.....]
Gold:   0          SH:  0    Dex:  9    Spells: 1/1 levels left

rFire    . . .     SeeInvis .   a - +0 mace
rCold    . . .     Faith    .   (no shield)
rNeg     + . .     Spirit   .   b - +0 animal skin
rPois    ∞         Reflect  .   (no helmet)
rElec    +         Harm     .   (no cloak)
rCorr    .         Rampage  .   (no gloves)
Will     .....                  (no boots)
Stlth    ..........             (no amulet)
HPRegen  0.09/turn              (no ring)
MPRegen  0.08/turn              (no ring)

@: berserking, very quick
A: sickness immunity, AC +2, negative energy resistance 1, electricity
resistance, torment resistance 1, petrification resistance
a: Renounce Religion, Berserk


You were on level 1 of the Dungeon.
You worshipped Trog.
Trog was aware of your devotion.
You visited 1 branch of the dungeon, and saw 1 of its levels.

Inventory:

Hand Weapons
 a - a +0 mace (weapon)
Armour
 b - a +0 animal skin (worn)
Scrolls
 c - a scroll of magic mapping {unknown}


   Skills:
 + Level 3.3 Fighting
 * Level 3.1 Maces & Flails
 + Level 2.3 Armour
 * Level 1.7 Dodging


You had one spell level left.
You didn't know any spells.
Your spell library was empty.

Dungeon Overview and Level Annotations

Branches:
Dungeon (1/15)

Altars:


Innate Abilities, Weirdness & Mutations

You are immune to sickness and miasma.
Your stone body is resilient. (AC +2)
You are immune to poison.
You resist negative energy. (rN+)
You are resistant to electric shocks. (rElec)
You are resistant to unholy torment.
You are immune to petrification.


Message History

The ball python bites you but does no damage.
The ball python constricts you.
You barely miss the hobgoblin.
The giant cockroach bites you but does no damage.
The hobgoblin hits you.
* * * LOW HITPOINT WARNING * * *
The ball python barely misses you. The ball python constricts you.
You barely miss the hobgoblin. The giant cockroach bites you.
* * * LOW HITPOINT WARNING * * *
The ball python bites you but does no damage.
The ball python constricts you. The hobgoblin hits you.
* * * LOW HITPOINT WARNING * * *
You closely miss the ball python. The quokka closely misses you.
The giant cockroach bites you but does no damage.
You sock the ball python!
You kill the ball python!
Trog accepts your kill. The hobgoblin hits you.
* * * LOW HITPOINT WARNING * * *
The quokka bites you.
* * * LOW HITPOINT WARNING * * *
The giant cockroach misses you.
You hit the hobgoblin.
You kill the hobgoblin!
Trog accepts your kill. The kobold hits you but does no damage.
The quokka completely misses you. The giant cockroach closely misses you.
You closely miss the kobold. The kobold closely misses you.
The quokka barely misses you.
The giant cockroach bites you but does no damage.
You hit the kobold.
You kill the kobold!
Trog accepts your kill. The quokka closely misses you.
The giant cockroach barely misses you.
You have reached level 2!
You sock the giant cockroach!
You kill the giant cockroach!
Trog accepts your kill. The quokka bites you.
You die...

#.. #.........#†#
#.###.#..##.#.#.#
#.....#.###...#.# #.
###......# #.....#
.... ###...#..#.#
#......
#..##...###....#
..####.
.##....#####.......##
.
.....$...............
...#.####@r.........#
.##.....)†$#.......##
..........##.....##
...........# b.
.......?...#
.........# .#########


You could see a quokka.

Vanquished Creatures
  2 ball pythons (D:1)
  A giant cockroach (D:1)
  2 hobgoblins (D:1)
  A kobold (D:1)
6 creatures vanquished.

Notes
Turn   | Place    | Note
-------+----------+-------------------------------------------
     0 | D:1      | Borgoz the Gargoyle Berserker began the quest for the Orb.
     0 | D:1      | Reached XP level 1. HP: 14/14 MP: 1/1
    82 | D:1      | HP: 1/21 [quokka (3)]
    86 | D:1      | Reached XP level 2. HP: 1/19 MP: 2/2
    86 | D:1      | Slain by a quokka

Illustrated notes

Levels and vault maps discovered:
D:1:      amcnicky_arrival_choice, layout_rooms

Action                   || total
-------------------------++-------
Melee: Mace              ||    17
Invok: Berserk           ||     1
Armor: Animal skin       ||    12
Dodge: Dodged            ||    19
